 Dungeon Crawl Stone Soup version 0.22.1 (webtiles) character file.

81 Nyarlathotep the Insei (level 4, -5/28 HPs)
             Began as an Octopode Transmuter on Sept 17, 2018.
             Killed by nerve-wracking pain
             ... invoked by an orc priest
              (12 damage)
             ... on level 3 of the Dungeon.
             The game lasted 00:09:41 (2113 turns).

Nyarlathotep the Insei (Octopode Transmuter)        Turns: 2113, Time: 00:09:41

Health: -5/28      AC:  2    Str:  9    XL:     4   Next: 40%
Magic:  4/7        EV: 20    Int: 15    God:
Gold:   147        SH:  0    Dex: 18    Spells: 0/8 levels left

rFire    . . .     SeeInvis .     - Unarmed
rCold    . . .     Gourm    .   (shield currently unavailable)
rNeg     . . .     Faith    .   (helmet currently unavailable)
rPois    x         Spirit   .   (no amulet)
rElec    .         Reflect  .   (no ring)
rCorr    .         Harm     .   (no ring)
MR       .....                  (no ring)
Stlth    ++........             (no ring)
HPRegen  0.09/turn              (no ring)
MPRegen  0.10/turn              (no ring)
                                (no ring)
                                (no ring)

@: spider-form (expiring)
A: tiny, almost no armour, stealthy swim, (amphibious), 8 rings, (constrict 8)
a: End Transformation


You were on level 3 of the Dungeon.
You were not hungry.
You were a venomous arachnid creature.
You visited 1 branch of the dungeon, and saw 3 of its levels.

You collected 147 gold pieces.

Inventory:

Missiles
 a - 76 arrows
Jewellery
 k - an uncursed amulet of the gourmand {unknown}
 o - an uncursed ring of resist corrosion {unknown}
Scrolls
 b - 4 scrolls of teleportation {unknown}
 d - a scroll of fear {unknown}
 g - 3 scrolls of identify {unknown}
 l - a scroll of immolation {unknown}
Potions
 e - 3 potions of heal wounds {unknown}
 f - a potion of berserk rage {unknown}
 i - 2 potions of curing
 j - 3 potions of haste {unknown}
 m - a potion of lignification {unknown}
 n - a potion of flight {unknown}
Comestibles
 c - 2 rations


   Skills:
 + Level 1.0 Fighting
 + Level 2.3 Dodging
 + Level 1.5 Stealth
 + Level 3.8 Unarmed Combat
 + Level 2.6 Spellcasting
 + Level 2.5 Transmutations
 + Level 0.2 Poison Magic


You couldn't memorise any spells.
You knew the following spells:

 Your Spells              Type           Power        Failure   Level  Hunger
a - Beastly Appendage     Tmut           #.....       21%         1    #......
b - Spider Form           Tmut/Pois      #.........   56%         3    ###....
c - Ice Form              Ice/Tmut       #.......     90%         4    #####..

Your spell library contained the following spells:

 Spells                   Type           Power        Failure   Level  Hunger
 Sticks to Snakes         Tmut           #.......     26%         2    ###....
 Blade Hands              Tmut           #.........   97%         5    ######.


Dungeon Overview and Level Annotations

Branches:
Dungeon (3/15)

Altars:
Kikubaaqudgha


Innate Abilities, Weirdness & Mutations

You cannot wear most types of armour.
You are very stealthy in the water. (Stealth+)
((You are amphibious.))
You can wear up to eight rings at the same time.
((You can use your tentacles to constrict eight enemies at once.))
((Your skin changes colour to match your surroundings (Stealth+).))
((Your rubbery body absorbs attacks. (AC +1, EV +1)))


Message History

Casting: Ice Form (very dangerous; 77% risk of failure)
Confirm with . or Enter, or press ? or * to list all spells.
You turn into a venomous arachnid creature.
You climb downwards.
The orc barely misses you. The orc closely misses you.
There is a stone staircase leading up here.
You closely miss the orc. You hit the orc but do no damage.
The orc is poisoned.
Your transformation is almost over.
The orc barely misses you.
The orc hits you with an enchanted short sword.
You hit the orc.
The orc looks as sick as possible!
The orc is moderately wounded.
You kill the orc!
The orc priest invokes the aid of Beogh against you.
Pain shoots through your body!
* * * LOW HITPOINT WARNING * * *
The orc barely misses you.
The orc priest calls down the wrath of Beogh upon you.
Pain shoots through your body!
You die...

#(..#........
######...#.#..####
####........#.#..#
#.............#..#
####.##....#<.##.#..#
.###....#####.#..##.#..#
........# #.#........#
#...)#####.#####.##.#
#...o)so..# #.#
#...####### #.#
#........?# #.#
#..........
######).####...#
#oo..o..# ### #.#####.#
#.# #>#


You could see an orc priest and an orc.

Vanquished Creatures
  Jessica (D:2)
  A dart slug (D:1)
  2 orcs (D:3)
  A ball python (D:1)
  4 giant cockroaches
  8 goblins
  7 hobgoblins
  2 jackals (D:2)
  10 kobolds
  5 bats
  5 rats
46 creatures vanquished.

Notes
Turn   | Place    | Note
-------+----------+-------------------------------------------
     0 | D:1      | Nyarlathotep the Octopode Transmuter began the quest for
                  | the Orb.
     0 | D:1      | Reached XP level 1. HP: 13/13 MP: 3/3
   157 | D:1      | Reached XP level 2. HP: 16/18 MP: 3/5
   534 | D:1      | Reached XP level 3. HP: 23/23 MP: 4/6
   539 | D:1      | Learned a level 3 spell: Spider Form
  1019 | D:2      | Reached skill level 1 in Stealth
  1055 | D:2      | Noticed Jessica
  1069 | D:2      | Killed Jessica
  1069 | D:2      | Reached XP level 4. HP: 27/28 MP: 2/7
  1324 | D:2      | Learned a level 4 spell: Ice Form
  1330 | D:2      | Found a faded altar of an unknown god.
  1514 | D:2      | Found an ancient bone altar of Kikubaaqudgha.
  2113 | D:3      | Killed from afar by an orc priest

Skill      XL: |  1  2  3 |
---------------+----------+-----
Stealth        | 1 |  1.5
Fighting       | |  1.0
Dodging        | |  2.3
Unarmed Combat | |  3.8
Spellcasting   | |  2.6
Transmutations | |  2.5
Poison Magic   | |  0.2

Action                   |  1- 3 |  4- 6 || total
-------------------------+-------+-------++-------
Melee: Unarmed           |    73 |    35 ||   108
       Constrict         |    17 |     8 ||    25
       Kick              |    14 |     2 ||    16
       Tentacles         |    10 |     1 ||    11
 Cast: Beastly Appendage |    17 |     6 ||    23
       Spider Form       |     2 |     8 ||    10
 Stab: Sleeping          |     9 |     3 ||    12
  Eat: Ration            |     1 |     1 ||     2
       Chunk             |       |     3 ||     3
Armor: Skin              |    11 |       ||    11
Dodge: Dodged            |    53 |    29 ||    82
